Match 28358443
Unlisted

Match 28358443
End
Construct Infanterie Kompanie
MG 42 Machine Gun Team
Selects Breakthrough Battlegroup
Selects Assault Grenadiers
Grenadier Squad
GrW 34 Mortar Team
Grenadier Squad
Construct Panzergrenadier Kompanie
Panzergrenadier Squad
Medical Station
Panzergrenadier Squad
Pak 40 Anti-tank Gun Team
Pak 40 Anti-tank Gun Team
Construct Panzer Kompanie
Panzer IV Medium Tank
Selects Rapid Production
Selects Blitzkrieg
Selects Smoke Bombing Run
251 Medium Carrier
Stoßtruppen Squad
Selects Incendiary Bombing Run
Incendiary Bombing Run
Panzer IV Medium Tank
Incendiary Bombing Run
Panzer IV Medium Tank
Incendiary Bombing Run
Panzer IV Medium Tank
GreyFox_13
FloofieDog
Turtleboy
wille526
TamponFIN
Jaajo
0
0

Comments sign in to comment!

No comments posted yet!